SL
HOUSTON 1837 BBC @ LOUISVILLE BC
09/23/2024
 
TOP OF THE 1ST
Houston 1837 BBC batting - Pitching for Louisville BC : RHP Antonio Godfrey
Pitching: RHP Antonio Godfrey
Batting: RHB Kumanosuke Abe 0-0: Ball
1-0: Foul Ball, location: 2F
1-1: Ball
2-1: Swinging Strike
2-2: Foul Ball, location: 2F
2-2: Foul Ball, location: 2F
2-2: Ball
3-2: Base on Balls
Batting: LHB Jack Robbins 0-0: Ball
1-0: Ball
2-0: Foul Ball, location: 2F
2-1: SINGLE (Line Drive, 4)
Kumanosuke Abe to second
Batting: LHB Chris Rice 0-0: Ball
1-0: Called Strike
1-1: SINGLE (Line Drive, 4M)
Kumanosuke Abe to third
Jack Robbins to second
Batting: RHB Bob Dickerson 0-0: Ball
1-0: Foul Ball, location: 2F
1-1: Fly out, F7 (Flyball, 78S)
Batting: LHB José Marín 0-0: SINGLE (Line Drive, 8RS)
Kumanosuke Abe scores
Jack Robbins to third
Chris Rice to second
Batting: LHB Mark McClear 0-0: Foul Ball, location: 2F
0-1: Grounds out, U3 (Groundball, 3L)
Jack Robbins scores
Chris Rice to third
Batting: RHB Tracy Parker 0-0: Ball
1-0: Ball
2-0: Foul Ball, location: 2F
2-1: Fly out, F6 (Line Drive, 6D)
Top of the 1st over - 2 run(s), 3 hit(s), 0 error(s), 2 left on base; Houston 2 - Louisville 0
BOTTOM OF THE 1ST
Louisville BC batting - Pitching for Houston 1837 BBC : RHP Marvin Martin
Pitching: RHP Marvin Martin
Batting: LHB Carroll Martin 0-0: Ball
1-0: Called Strike
1-1: Ball
2-1: Foul Ball, location: 2F
2-2: Foul Ball, location: 2F
2-2: Foul Ball, location: 2F
2-2: Foul Ball, location: 2F
2-2: Ball
3-2: Strikes out swinging
Batting: RHB Andrés Rodríguez 0-0: Ball
1-0: Bunted foul
1-1: Ball
2-1: Ball
3-1: Called Strike
3-2: Foul Ball, location: 2F
3-2: Ground out 5-3 (Groundball, 5)
Batting: RHB Micheal Murdoch 0-0: Ball
1-0: Ball
2-0: Ball
3-0: Base on Balls
Batting: SHB Chris Williamson 0-0: Ball
1-0: Ball
2-0: Ball
3-0: Base on Balls
Micheal Murdoch to second
Batting: RHB Aurelio Vázquez 0-0: SINGLE (Groundball, 6MD)
Micheal Murdoch to third
Chris Williamson to second
Runner from 3rd tries for Home, SAFE, no throw or cutoff
Batting: LHB Joram Nelen 0-0: Ball
1-0: Ball
2-0: Ball
3-0: Called Strike
3-1: Base on Balls
Chris Williamson to third
Aurelio Vázquez to second
Batting: SHB Adrián Pueblo 0-0: Ball
1-0: Swinging Strike
1-1: Ball
2-1: Foul Ball, location: 2F
2-2: Ball
3-2: Strikes out swinging
Bottom of the 1st over - 1 run(s), 1 hit(s), 0 error(s), 3 left on base; Houston 2 - Louisville 1
TOP OF THE 2ND
Houston 1837 BBC batting - Pitching for Louisville BC : RHP Antonio Godfrey
Batting: RHB Bob Campbell 0-0: Ball
1-0: Called Strike
1-1: Ball
2-1: Ball
3-1: Called Strike
3-2: Foul Ball, location: 2F
3-2: Foul Ball, location: 2F
3-2: Fly out, F8 (Flyball, 8RXD)
Batting: RHB Eric Randolph 0-0: Ground out U3 (Groundball, 3S)
Batting: RHB Kumanosuke Abe 0-0: Ground out 4-3 (Groundball, 34)
Top of the 2nd over - 0 run(s), 0 hit(s), 0 error(s), 0 left on base; Houston 2 - Louisville 1
BOTTOM OF THE 2ND
Louisville BC batting - Pitching for Houston 1837 BBC : RHP Marvin Martin
Batting: SHB Eddie Ménard 0-0: Ball
1-0: Ground out 6-3 (Groundball, 6)
Batting: LHB Arturo Acevedo 0-0: Foul Ball, location: 2F
0-1: Foul Ball, location: 2F
0-2: Strikes out looking
Batting: LHB Carroll Martin 0-0: Ball
1-0: Called Strike
1-1: Fly out, F7 (Popup, 5D)
Bottom of the 2nd over - 0 run(s), 0 hit(s), 0 error(s), 0 left on base; Houston 2 - Louisville 1
TOP OF THE 3RD
Houston 1837 BBC batting - Pitching for Louisville BC : RHP Antonio Godfrey
Batting: LHB Jack Robbins 0-0: Foul Ball, location: 2F
0-1: Ball
1-1: Ball
2-1: SINGLE (Line Drive, 89S)
Batting: LHB Chris Rice 0-0: Foul Ball, location: 2F
0-1: Ball
1-1: Foul Ball, location: 2F
1-2: SINGLE (Groundball, 4)
Jack Robbins to second
Jack Robbins to third
Batting: RHB Bob Dickerson 0-0: Called Strike
0-1: Foul Ball, location: 2F
0-2: Foul Ball, location: 2F
0-2: Ball
1-2: Ball
2-2: Foul Ball, location: 2F
2-2: Ball
3-2: SINGLE (Groundball, 6MD)
Jack Robbins scores
Chris Rice to second
Batting: LHB José Marín 0-0: Fly out, F4 (Popup, 34D)
Batting: LHB Mark McClear 0-0: Ball
1-0: Ball
2-0: Called Strike
2-1: Ball
3-1: Base on Balls
Chris Rice to third
Bob Dickerson to second
Batting: RHB Tracy Parker 0-0: Ball
1-0: Fly out, F3 (Popup, 3SF)
Batting: RHB Bob Campbell 0-0: Called Strike
0-1: Ball
1-1: Ball
2-1: Foul Ball, location: 2F
2-2: Foul Ball, location: 2F
2-2: Ball
3-2: Strikes out swinging
Top of the 3rd over - 1 run(s), 3 hit(s), 0 error(s), 3 left on base; Houston 3 - Louisville 1
BOTTOM OF THE 3RD
Louisville BC batting - Pitching for Houston 1837 BBC : RHP Marvin Martin
Batting: RHB Andrés Rodríguez 0-0: Ball
1-0: Ground out 5-3 (Groundball, 5)
Batting: RHB Micheal Murdoch 0-0: Foul Ball, location: 2F
0-1: Ball
1-1: Ground out 6-3 (Groundball, 6)
Batting: SHB Chris Williamson 0-0: Called Strike
0-1: Ball
1-1: Ball
2-1: Swinging Strike
2-2: Foul Ball, location: 2F
2-2: Foul Ball, location: 2F
2-2: Foul Ball, location: 2F
2-2: Foul Ball, location: 2F
2-2: Foul Ball, location: 2F
2-2: Strikes out swinging
Bottom of the 3rd over - 0 run(s), 0 hit(s), 0 error(s), 0 left on base; Houston 3 - Louisville 1
TOP OF THE 4TH
Houston 1837 BBC batting - Pitching for Louisville BC : RHP Antonio Godfrey
Batting: RHB Eric Randolph 0-0: Called Strike
0-1: Ball
1-1: Foul Ball, location: 2F
1-2: Strikes out swinging
Batting: RHB Kumanosuke Abe 0-0: Ball
1-0: Ball
2-0: Ball
3-0: Base on Balls
Batting: LHB Jack Robbins 0-0: Foul Ball, location: 2F
0-1: Foul Ball, location: 2F
0-2: Ball
1-2: Strikes out swinging
Batting: LHB Chris Rice 0-0: Ball
1-0: Ball
2-0: 2-RUN HOME RUN (Flyball, 9LD), Distance : 387 ft
Batting: RHB Bob Dickerson 0-0: Ball
1-0: Called Strike
1-1: Fly out, F7 (Flyball, 7D)
Top of the 4th over - 2 run(s), 1 hit(s), 0 error(s), 0 left on base; Houston 5 - Louisville 1
BOTTOM OF THE 4TH
Louisville BC batting - Pitching for Houston 1837 BBC : RHP Marvin Martin
Batting: RHB Aurelio Vázquez 0-0: Ball
1-0: Swinging Strike
1-1: Foul Ball, location: 2F
1-2: Ball
2-2: Strikes out swinging
Batting: LHB Joram Nelen 0-0: Called Strike
0-1: Ball
1-1: Foul Ball, location: 2F
1-2: SINGLE (Groundball, 56D)
Batting: SHB Adrián Pueblo 0-0: Foul Ball, location: 2F
0-1: Grounds into double play, 2-6-3 (Groundball, 2R)
Bottom of the 4th over - 0 run(s), 1 hit(s), 0 error(s), 0 left on base; Houston 5 - Louisville 1
TOP OF THE 5TH
Houston 1837 BBC batting - Pitching for Louisville BC : RHP Antonio Godfrey
Batting: LHB José Marín 0-0: Ball
1-0: SOLO HOME RUN (Flyball, 9D), Distance : 391 ft
Pitching: LHP Mathies Pilegaard
Batting: LHB Mark McClear 0-0: Hit by Pitch
Batting: RHB Tracy Parker 0-0: Ball
1-0: Ball
2-0: Ball
3-0: Called Strike
3-1: Sac Bunt - play at first, batter OUT! 5-4
Mark McClear to second
Batting: RHB Bob Campbell 0-0: Ball
1-0: Ball
2-0: Ball
3-0: Called Strike
3-1: Swinging Strike
3-2: Base on Balls
Batting: RHB Eric Randolph 0-0: Ball
1-0: Called Strike
1-1: Ball
2-1: Foul Ball, location: 2F
2-2: Foul Ball, location: 2F
2-2: Foul Ball, location: 2F
2-2: Strikes out swinging
Batting: RHB Kumanosuke Abe 0-0: Ball
1-0: Swinging Strike
1-1: Foul Ball, location: 2F
1-2: Strikes out swinging
Top of the 5th over - 1 run(s), 1 hit(s), 0 error(s), 2 left on base; Houston 6 - Louisville 1
BOTTOM OF THE 5TH
Louisville BC batting - Pitching for Houston 1837 BBC : RHP Marvin Martin
Batting: SHB Eddie Ménard 0-0: Called Strike
0-1: Ball
1-1: Foul Ball, location: 2F
1-2: Ball
2-2: Strikes out looking
Batting: LHB Arturo Acevedo 0-0: Ball
1-0: Ball
2-0: Ball
3-0: Called Strike
3-1: Foul Ball, location: 2F
3-2: SINGLE (Line Drive, 8LS)
Batting: LHB Carroll Martin 0-0: Called Strike
0-1: Foul Ball, location: 2F
0-2: Foul Ball, location: 2F
0-2: Ball
1-2: Foul Ball, location: 2F
1-2: SINGLE (Line Drive, 4D)
Arturo Acevedo to second
Runner from 2nd tries for 3rd, SAFE, throw made to third
Batting: RHB Andrés Rodríguez 0-0: Ball
1-0: 3-RUN HOME RUN (Line Drive, 8LXD), Distance : 423 ft
Batting: RHB Micheal Murdoch 0-0: SINGLE (Flyball, 8RS)
Batting: SHB Chris Williamson 0-0: Ball
1-0: Fly out, F7 (Flyball, 78S)
Batting: RHB Aurelio Vázquez 0-0: Ground out 6-3 (Groundball, 6)
Bottom of the 5th over - 3 run(s), 4 hit(s), 0 error(s), 1 left on base; Houston 6 - Louisville 4
TOP OF THE 6TH
Houston 1837 BBC batting - Pitching for Louisville BC : LHP Mathies Pilegaard
Batting: LHB Jack Robbins 0-0: Swinging Strike
0-1: Ball
1-1: Swinging Strike
1-2: Ball
2-2: Ball
3-2: Base on Balls
Batting: LHB Chris Rice 0-0: SINGLE (Groundball, 34D)
Jack Robbins to second
Runner from 2nd tries for 3rd, OUT!
Batting: RHB Bob Dickerson 0-0: Called Strike
0-1: Fly out, F7 (Line Drive, 7M)
Batting: LHB José Marín 0-0: Ball
1-0: Ball
2-0: Ball
3-0: Base on Balls
Chris Rice to second
Batting: LHB Mark McClear 0-0: Ball
1-0: Foul Ball, location: 2F
1-1: Foul Ball, location: 2F
1-2: Ball
2-2: Foul Ball, location: 2F
2-2: Strikes out looking
Top of the 6th over - 0 run(s), 1 hit(s), 0 error(s), 2 left on base; Houston 6 - Louisville 4
BOTTOM OF THE 6TH
Louisville BC batting - Pitching for Houston 1837 BBC : RHP Marvin Martin
Batting: LHB Joram Nelen 0-0: Foul Ball, location: 2F
0-1: Fly out, F8 (Flyball, 8LXD)
Batting: SHB Adrián Pueblo 0-0: Ball
1-0: Ball
2-0: Ground out 1-3 (Groundball, 13)
Batting: SHB Eddie Ménard 0-0: Ball
1-0: Called Strike
1-1: Ball
2-1: Called Strike
2-2: Strikes out swinging
Bottom of the 6th over - 0 run(s), 0 hit(s), 0 error(s), 0 left on base; Houston 6 - Louisville 4
TOP OF THE 7TH
Houston 1837 BBC batting - Pitching for Louisville BC : LHP Mathies Pilegaard
Batting: RHB Tracy Parker 0-0: Swinging Strike
0-1: Swinging Strike
0-2: Foul Ball, location: 2F
0-2: Foul Ball, location: 2F
0-2: Ball
1-2: Ball
2-2: Strikes out swinging
Batting: RHB Bob Campbell 0-0: Ball
1-0: Called Strike
1-1: Fly out, F3 (Popup, 3F)
Pitching: RHP Boyd Craig
Batting: RHB Eric Randolph 0-0: Called Strike
0-1: Ball
1-1: Ball
2-1: Ball
3-1: Called Strike
3-2: Base on Balls
Batting: RHB Kumanosuke Abe 0-0: Swinging Strike
0-1: Foul Ball, location: 2F
0-2: Ball
1-2: Ball
2-2: Foul Ball, location: 2F
2-2: Foul Ball, location: 2F
2-2: Ball
3-2: Foul Ball, location: 2F
3-2: Fly out, F6 (Popup, 6MD)
Top of the 7th over - 0 run(s), 0 hit(s), 0 error(s), 1 left on base; Houston 6 - Louisville 4
BOTTOM OF THE 7TH
Louisville BC batting - Pitching for Houston 1837 BBC : RHP Marvin Martin
Batting: LHB Arturo Acevedo 0-0: Swinging Strike
0-1: Ground out 4-3 (Groundball, 4M)
Batting: LHB Carroll Martin 0-0: Called Strike
0-1: Fly out, F8 (Flyball, 8LM)
Batting: RHB Andrés Rodríguez 0-0: Ball
1-0: Called Strike
1-1: Foul Ball, location: 2F
1-2: Strikes out looking
Bottom of the 7th over - 0 run(s), 0 hit(s), 0 error(s), 0 left on base; Houston 6 - Louisville 4
TOP OF THE 8TH
Houston 1837 BBC batting - Pitching for Louisville BC : RHP Boyd Craig
Batting: LHB Jack Robbins 0-0: Fly out, F8 (Line Drive, 8LS)
Batting: LHB Chris Rice 0-0: Ball
1-0: Ball
2-0: Fly out, F7 (Popup, 56D)
Batting: RHB Bob Dickerson 0-0: Ball
1-0: Called Strike
1-1: Fly out, F8 (Flyball, 8RM)
Top of the 8th over - 0 run(s), 0 hit(s), 0 error(s), 0 left on base; Houston 6 - Louisville 4
BOTTOM OF THE 8TH
Louisville BC batting - Pitching for Houston 1837 BBC : RHP Marvin Martin
Batting: RHB Micheal Murdoch 0-0: Fly out, F5 (Line Drive, 56)
Batting: SHB Chris Williamson 0-0: Ball
1-0: Foul Ball, location: 2F
1-1: Called Strike
1-2: Strikes out looking
Batting: RHB Aurelio Vázquez 0-0: Ball
1-0: Called Strike
1-1: SINGLE (Groundball, 56D)
Pitching: RHP Tyler Rodríguez
Batting: LHB Joram Nelen 0-0: Called Strike
0-1: Ball
1-1: Foul Ball, location: 2F
1-2: Foul Ball, location: 2F
1-2: Strikes out swinging
Bottom of the 8th over - 0 run(s), 1 hit(s), 0 error(s), 1 left on base; Houston 6 - Louisville 4
TOP OF THE 9TH
Houston 1837 BBC batting - Pitching for Louisville BC : RHP Boyd Craig
Batting: LHB José Marín 0-0: Called Strike
0-1: Foul Ball, location: 2F
0-2: Ball
1-2: Ball
2-2: Foul Ball, location: 2F
2-2: SINGLE (Groundball, 4MD)
Batting: LHB Mark McClear 0-0: Bunted foul
0-1: Ball
1-1: Bunted foul
1-2: Ball
2-2: Foul Ball, location: 2F
2-2: Ball
3-2: SINGLE (Line Drive, 6MD)
José Marín to second
Runner from 2nd tries for 3rd, SAFE, no throw or cutoff
Pitching: RHP John Woods
Batting: RHB Tracy Parker 0-0: Ball
1-0: Foul Ball, location: 2F
1-1: Ball
2-1: Ball
3-1: Base on Balls
Mark McClear to second
Batting: RHB Bob Campbell 0-0: Called Strike
0-1: Called Strike
0-2: Ball
1-2: Ball
2-2: Foul Ball, location: 2F
2-2: Foul Ball, location: 2F
2-2: Ball
3-2: SINGLE (Line Drive, 56D)
José Marín scores
Mark McClear to third
Tracy Parker to second
Pinch Hitting: LHB Mike Hanson 0-0: Called Strike
0-1: Ball
1-1: Ball
2-1: Swinging Strike
2-2: Foul Ball, location: 2F
2-2: Foul Ball, location: 2F
2-2: Foul Ball, location: 2F
2-2: Foul Ball, location: 2F
2-2: Ball
Passed Ball!
Mark McClear scores
Tracy Parker to third
Bob Campbell to second
3-2: Base on Balls
Batting: RHB Kumanosuke Abe 0-0: Ball
1-0: Ball
2-0: Ball
3-0: Called Strike
3-1: SINGLE (Line Drive, 89M)
Tracy Parker scores
Bob Campbell to third
Mike Hanson to second
Batting: LHB Jack Robbins 0-0: Ball
1-0: Called Strike
1-1: Called Strike
1-2: Foul Ball, location: 2F
1-2: Foul Ball, location: 2F
1-2: Ball
2-2: Fly out, F9 (Flyball, 9M)
Runner from 3rd tags up, SCORES, throw made
Batting: LHB Chris Rice 0-0: Called Strike
0-1: Ball
1-1: Ball
2-1: Ball
3-1: Base on Balls
Mike Hanson to third
Kumanosuke Abe to second
Batting: RHB Bob Dickerson 0-0: Fly out, F7 (Flyball, 7D)
Runner from 3rd tags up, SCORES, no throw
Batting: LHB José Marín 0-0: Foul Ball, location: 2F
0-1: Ground out 1-3 (Groundball, 15S)
Top of the 9th over - 5 run(s), 4 hit(s), 0 error(s), 2 left on base; Houston 11 - Louisville 4
BOTTOM OF THE 9TH
Louisville BC batting - Pitching for Houston 1837 BBC : RHP Tyler Rodríguez
Now at C: Jason Alexander
Batting: SHB Adrián Pueblo 0-0: Ground out 4-3 (Groundball, 4)
Pinch Hitting: RHB Chi-ju Zhang 0-0: Ball
1-0: Foul Ball, location: 2F
1-1: Ball
2-1: Called Strike
2-2: Strikes out swinging
Batting: LHB Arturo Acevedo 0-0: Swinging Strike
0-1: Ball
1-1: Foul Ball, location: 2F
1-2: Ball
2-2: Ball
3-2: Foul Ball, location: 2F
3-2: Base on Balls
Batting: LHB Carroll Martin 0-0: Ball
1-0: Ball
2-0: Called Strike
2-1: Ground out 4-3 (Groundball, 4)
Bottom of the 9th over - 0 run(s), 0 hit(s), 0 error(s), 1 left on base; Houston 11 - Louisville 4
This league is powered by Out of the Park Baseball, the baseball management simulation game for PC, Mac and Linux
Monday, October 3rd, 2016 - OOTP Baseball 16.9 Build 39